 Dungeon Crawl Stone Soup version 0.23-a0-49-gd9f7a49 (webtiles) character file.

35819 galech the Carver (level 13, -2/175 HPs)
             Began as a Minotaur Fighter on Aug 6, 2018.
             Was an Elder of Makhleb.
             Slain by a komodo dragon (18 damage)
             ... on level 6 of the Lair of Beasts.
             The game lasted 00:31:37 (19016 turns).

galech the Carver (Minotaur Fighter)               Turns: 19016, Time: 00:31:37

Health: -2/175     AC: 24    Str: 26    XL:     13   Next: 49%
Magic:  18/18      EV:  9    Int:  5    God:    Makhleb [****..]
Gold:   1643       SH: 14    Dex: 15    Spells: 12/12 levels left

rFire    + . .     SeeInvis +   s - +4 scimitar
rCold    + . .     Gourm    .   c - +0 shield
rNeg     . . .     Faith    .   P - +4 plate armour {rC+}
rPois    .         Spirit   .   j - +1 hat
rElec    .         Reflect  .   O - +1 cloak {MR+}
rCorr    .         Harm     .   (no gloves)
MR       +....                  b - +0 pair of boots
Stlth    ..........             x - amulet of rage
HPRegen  0.39/turn              l - ring of protection from fire
MPRegen  0.16/turn              S - ring of see invisible

@: berserking (expiring), very quick
A: retaliatory headbutt, horns 2
a: Minor Destruction, Lesser Servant of Makhleb, Major Destruction, Renounce
Religion, Evoke Berserk Rage


You were on level 6 of the Lair of Beasts.
You worshipped Makhleb.
Makhleb was greatly pleased with you.
You were very hungry.

You visited 4 branches of the dungeon, and saw 18 of its levels.
You also visited: Bailey.

You collected 1693 gold pieces.
You spent 50 gold pieces at shops.

Inventory:

Hand Weapons
 s - a +4 scimitar (weapon)
 w - a +0 war axe of flaming
 W - a +1 scimitar of flaming
Armour
 b - a +0 pair of boots (worn)
 c - a +0 shield (worn)
 j - a +1 hat (worn)
 L - a +0 scale mail of poison resistance
 O - a +1 cloak of magic resistance (worn)
 P - a +4 plate armour of cold resistance (worn)
 U - a +3 plate armour of magic resistance
Jewellery
 l - a ring of protection from fire (left hand)
 x - an amulet of rage (around neck)
 y - an uncursed ring of protection from magic
 I - a +5 ring of intelligence
 M - an uncursed amulet of guardian spirit
 Q - the amulet "Fipirr" {RegenMP rF+ Dex+2}
   (You found it on level 9 of the Dungeon)

   [amulet of magic regeneration]

   It increases your magic regeneration.
   It affects your dexterity (+2).
   It protects you from fire.
 S - a ring of see invisible (right hand)
 Y - a +3 ring of dexterity
Wands
 a - a wand of scattershot (4)
 o - a wand of enslavement (7)
 C - a wand of clouds (3)
 X - a wand of digging (8)
Scrolls
 h - 3 scrolls of amnesia
 i - a scroll of magic mapping
 q - 2 scrolls of fog
 t - 4 scrolls of enchant weapon
 u - 6 scrolls of remove curse
 A - 2 scrolls of identify
 B - 8 scrolls of teleportation
 E - a scroll of enchant armour
 G - 2 scrolls of silence
 N - 2 scrolls of blinking
 V - 2 scrolls of summoning
Potions
 d - 2 potions of might
 e - 7 potions of agility
 g - 3 potions of curing
 k - 2 potions of heal wounds {unknown}
 m - 2 potions of flight {unknown}
 n - 4 potions of degeneration {unknown}
 p - 3 potions of magic {unknown}
 r - a potion of cancellation {unknown}
 v - a potion of resistance
 z - 3 potions of haste {unknown}
 D - 4 potions of brilliance
 F - a potion of mutation {unknown}
 J - 2 potions of invisibility
 R - a potion of berserk rage
 Z - a potion of lignification {unknown}
Comestibles
 f - 29 rations


   Skills:
 + Level 11.9 Fighting
 + Level 14.2 Long Blades
 - Level 6.5 Axes
 + Level 12.3 Armour
 - Level 3.0 Dodging
 - Level 0.8 Stealth
 + Level 12.6 Shields
 + Level 8.0 Invocations


You had 12 spell levels left.
You didn't know any spells.
Your spell library contained the following spells:

 Spells                   Type           Power        Failure   Level  Hunger
 Fireball                 Conj/Fire      #.........   100%        5    ######.
 Apportation              Tloc           #.....       99%         1    ##.....
 Conjure Flame            Conj/Fire      #.......     100%        3    ####...
 Invisibility             Hex            #.......     100%        6    #######
 Throw Flame              Conj/Fire      #.....       100%        2    ###....
 Animate Dead             Necr           N/A          100%        4    #####..
 Pain                     Necr           #...         99%         1    ##.....
 Animate Skeleton         Necr           N/A          99%         1    ##.....
 Vampiric Draining        Necr           #.........   100%        3    ####...
 Sticky Flame             Conj/Fire      #.......     100%        4    #####..
 Regeneration             Chrm/Necr      #.........   100%        3    ####...
 Tukima's Dance           Hex            #.......     100%        3    ####...
 Flame Tongue             Conj/Fire      #....        99%         1    ##.....
 Summon Butterflies       Summ           #.......     99%         1    ##.....
 Alistair's Intoxication  Tmut/Pois      #.......     100%        5    ######.
 Shroud of Golubria       Chrm/Tloc      #.........   100%        2    ###....
 Inner Flame              Hex/Fire       #.......     100%        3    ####...
 Infusion                 Chrm           #...         99%         1    ##.....
 Song of Slaying          Chrm           #.......     100%        2    ###....
 Spectral Weapon          Hex/Chrm       #.......     100%        3    ####...
 Lesser Beckoning         Tloc           #.........   100%        3    ####...


Dungeon Overview and Level Annotations

Branches:
Dungeon (10/15)            Temple (1/1) D:6            Lair (4/6) D:10
  Swamp (0/4) Lair:2        Snake (0/4) Lair:3          Orc (2/2) D:9
    Elf (0/3) Orc:2

Altars:
Ashenzari
Cheibriados
Dithmenos
Elyvilon
Fedhas
Gozag
Hepliaklqana
Kikubaaqudgha
Makhleb
Nemelex Xobeh
Okawaru
Qazlal
Ru
Sif Muna
Trog
Uskayaw
Vehumet
Wu Jian
Xom
Yredelemnul
Zin
The Shining One
Beogh

Shops:
D:5 (   D:7 *   D:9 %   Orc:2 [(*=


Innate Abilities, Weirdness & Mutations

You reflexively headbutt those who attack you in melee.
You have a pair of horns on your head.


Message History

The catoblepas barely misses you.
The komodo dragon is engulfed in calcifying dust.
You hit the catoblepas. You headbutt the catoblepas!
The catoblepas is moderately wounded.
The komodo dragon bites you!
* * * LOW HITPOINT WARNING * * *
The komodo dragon is engulfed in calcifying dust.
You slash the catoblepas! You headbutt the catoblepas.
The catoblepas is severely wounded.
The catoblepas gores you but does no damage.
You slash the catoblepas!
The catoblepas is severely wounded.
You block the komodo dragon's attack.
You slice the catoblepas!!
The catoblepas is almost dead.
You block the catoblepas's attack.
You hit the catoblepas but do no damage.
The catoblepas is almost dead.
The komodo dragon bites you!!
You die...

,≈≈≈≈≈≈≈..P.............P,,,,,*,,
≈≈≈≈≈≈§≈.......#...§...##,,,,,,,,
≈≈≈≈≈§.....P.P##..PP...P#,,**,*,,
≈≈≈≈≈.....##.####.P.....,,***,*,,
≈≈≈,,....,,#..†#§.P.#.#.,,* *****
,,≈,,........##.ll##....,,** *
,,,,,,.......P##....P....,,* *
,,,,*,......PP#Y#l#......,,******
,,,,,*........§#@.#P....#,,,,,,*,
**,,*,......!............,,,,,,,,
**,,,,........#..#(......,,,,***,
***,*,.....§.##.#.#..$...,*,,****
*,**,,,.....,##*#*#.....,,**,* *
******,....,** **....,*,****
*,##P#** *,,#.#**** ****** ****##


You could see a catoblepas and 2 komodo dragons.

Vanquished Creatures
  Gastronok (Lair:3)
  2 orc warlords (Orc:1)
  Azrael (Orc:1)
  Erolcha (Orc:1)
  A hydra (Lair:4)
  An anaconda (Lair:6)
  6 orc high priests
  3 orc knights
  10 orc sorcerers
  4 black mambas
  A gargoyle (D:10)
  A spiny frog (Lair:4)
  2 komodo dragons (Lair:3)
  A queen bee (D:10)
  A polar bear (D:8)
  4 blink frogs (Lair:3)
  4 hippogriffs
  A spriggan (D:7)
  The ghost of galech the Chopper, an amateur MiFi (D:3)
  3 fire elementals (Orc:1)
  14 yaks
  A basilisk (Lair:1)
  A wyvern (D:9)
  The ghost of Gorglomux the Conjurer, an amateur DsCj of Qazlal (D:3)
  4 wargs
  2 hell hounds
  12 water moccasins
  3 porcupines
  37 orc warriors
  10 ice beasts
  4 black bears
  A sky beast (D:6)
  4 phantoms
  A necrophage (D:9)
  12 ogres
  11 wolves
  A crocodile (Lair:2)
  3 centaurs
  2 big kobolds
  7 bullfrogs
  A wyvern skeleton (D:6)
  A scorpion (D:7)
  A water moccasin zombie (D:5)
  13 killer bees (D:10)
  4 wights
  An electric eel (D:8)
  2 howler monkeys
  5 crimson imps
  A centaur zombie (D:10)
  11 orc priests
  2 hounds
  A jelly (D:5)
  Jessica (D:2)
  3 iguanas
  12 orc wizards
  9 worker ants
  A centaur simulacrum (D:8)
  3 hound zombies
  5 hound skeletons
  2 worker ant zombies
  2 gnolls
  A howler monkey skeleton (D:6)
  15 adders
  5 shadow imps
  2 white imps (D:8)
  A worker ant simulacrum (D:8)
  An ufetubus (D:8)
  3 adder skeletons
  8 worms
  An adder simulacrum (D:8)
  7 dart slugs
  5 leopard geckos
  77 orcs
  4 giant cockroaches
  6 goblins
  9 hobgoblins
  16 jackals
  12 kobolds
  4 quokkas
  8 bats
  13 frilled lizards
  A jackal zombie (D:6)
  A quokka skeleton (D:5)
  12 rats
473 creatures vanquished.

Vanquished Creatures (others)
  2 orc wizards
  A gnoll (Orc:1)
  12 fungi
  5 plants
  2 withered plants (D:3)
22 creatures vanquished.

Grand Total: 495 creatures vanquished

Notes
Turn   | Place    | Note
-------+----------+-------------------------------------------
     0 | D:1      | galech the Minotaur Fighter began the quest for the Orb.
     0 | D:1      | Reached XP level 1. HP: 19/19 MP: 0/0
    63 | D:1      | Reached XP level 2. HP: 23/27 MP: 1/1
    79 | D:1      | Found a sparkling altar of Nemelex Xobeh.
   482 | D:1      | Reached XP level 3. HP: 33/33 MP: 2/2
  1247 | D:2      | Reached XP level 4. HP: 40/40 MP: 3/3
  1297 | D:2      | Noticed Jessica
  1302 | D:2      | Killed Jessica
  1500 | D:2      | Found a glowing silver altar of Zin.
  1566 | D:2      | Found a sacrificial altar of Ru.
  2178 | D:3      | Found an ornate altar of the Wu Jian Council.
  2336 | D:3      | Reached XP level 5. HP: 45/46 MP: 4/4
  2394 | D:3      | Found a runed gate.
  2394 | D:3      | Found a runed gate.
  2394 | D:3      | Found a runed gate.
  2394 | D:3      | Noticed galech's ghost (amateur MiFi)
  2395 | D:3      | Noticed Gorglomux's ghost (amateur DsCj)
  2570 | D:4      | Noticed an ogre
  2575 | D:4      | Killed an ogre
  2575 | D:4      | Reached skill level 5 in Armour
  2575 | D:4      | Reached skill level 1 in Dodging
  2732 | D:3      | Reached skill level 5 in Axes
  3034 | D:4      | Reached XP level 6. HP: 31/53 MP: 5/5
  3283 | D:4      | Reached skill level 5 in Shields
  3461 | D:4      | Reached XP level 7. HP: 59/60 MP: 6/6
  3609 | D:4      | Reached skill level 1 in Long Blades
  3612 | D:4      | Found a basalt altar of Yredelemnul.
  3693 | D:4      | Reached skill level 2 in Long Blades
  3954 | D:5      | Entered Level 5 of the Dungeon
  4015 | D:5      | Reached skill level 5 in Fighting
  4028 | D:5      | Reached skill level 3 in Long Blades
  4097 | D:5      | Noticed a hippogriff
  4111 | D:5      | Killed a hippogriff
  4111 | D:5      | Reached skill level 4 in Long Blades
  4111 | D:5      | Reached XP level 8. HP: 52/69 MP: 7/7
  4319 | D:5      | Found Kofihin's Weapon Shoppe.
  4467 | D:6      | Reached skill level 5 in Long Blades
  4617 | D:6      | Reached skill level 6 in Long Blades
  4675 | D:6      | Found a staircase to the Ecumenical Temple.
  4690 | Temple   | Entered the Ecumenical Temple
  5299 | D:7      | Found a glowing golden altar of the Shining One.
  5341 | D:7      | Reached skill level 7 in Long Blades
  5344 | D:7      | Reached XP level 9. HP: 63/75 MP: 8/8
  5522 | D:7      | Reached skill level 8 in Long Blades
  5562 | D:7      | Found Hagorph's Assorted Antiques.
  6484 | D:3      | Killed Gorglomux's ghost
  6484 | D:3      | Reached skill level 9 in Long Blades
  6493 | D:3      | Killed galech's ghost
  6836 | D:8      | Reached skill level 10 in Long Blades
  6921 | D:8      | Noticed a polar bear
  6933 | D:8      | Killed a polar bear
  6998 | D:8      | Reached XP level 10. HP: 84/84 MP: 9/9
  7623 | D:9      | Got a shimmering ivory amulet
  7638 | D:9      | Identified the amulet "Fipirr" {RegenMP rF+ Dex+2} (You found it on level 9 of the Dungeon)
  7650 | D:9      | Found a flagged portal.
  7701 | D:9      | Found a staircase to the Orcish Mines.
  7726 | D:9      | Found Qoedoseu's Food Emporium.
  7753 | Bailey   | Entered a bailey
  8404 | Bailey   | Noticed an orc knight
  8404 | Bailey   | Noticed an orc knight
  9393 | D:9      | Reached skill level 11 in Long Blades
  9449 | D:9      | Found a burning altar of Makhleb.
  9465 | D:9      | Became a worshipper of Makhleb the Destroyer
  9647 | Orc:1    | Entered Level 1 of the Orcish Mines
  9648 | Orc:1    | Noticed an orc sorcerer
  9649 | Orc:1    | Noticed an orc knight
  9754 | Orc:1    | Noticed an orc sorcerer
  9755 | Orc:1    | Noticed a sixfirhy
  9770 | D:9      | Reached skill level 1 in Invocations
  9978 | D:10     | Entered Level 10 of the Dungeon
 10029 | D:10     | Found a staircase to the Lair.
 10327 | D:10     | Reached * piety under Makhleb
 10542 | D:10     | Noticed a gargoyle
 10549 | D:10     | Killed a gargoyle
 10968 | Orc:1    | Noticed a sixfirhy
 10984 | D:9      | Killed an orc knight
 10984 | D:9      | Reached XP level 11. HP: 95/95 MP: 12/12
 11144 | Orc:1    | Noticed a sixfirhy
 11337 | Orc:1    | Noticed a sixfirhy
 11488 | Lair:1   | Entered Level 1 of the Lair of Beasts
 11960 | Lair:2   | Found a staircase to the Swamp.
 12612 | Lair:3   | Reached skill level 12 in Long Blades
 12707 | Lair:3   | Found a staircase to the Snake Pit.
 12731 | Lair:3   | Reached skill level 10 in Shields
 12768 | Lair:3   | Noticed Gastronok
 13070 | Lair:3   | Killed Gastronok
 13070 | Lair:3   | Reached skill level 10 in Armour
 13378 | D:10     | Reached ** piety under Makhleb
 13919 | Orc:1    | Killed an orc sorcerer
 13926 | Orc:1    | Killed an orc sorcerer
 13949 | Orc:1    | Noticed an orc knight
 13957 | Orc:1    | Reached skill level 5 in Invocations
 14095 | D:9      | Killed an orc knight
 14329 | Orc:1    | Found a roughly hewn altar of Beogh.
 14541 | Orc:2    | Entered Level 2 of the Orcish Mines
 14541 | Orc:2    | Noticed Azrael
 14542 | Orc:2    | Noticed an orc sorcerer
 14666 | Orc:1    | Reached XP level 12. HP: 94/106 MP: 13/15
 14681 | Orc:1    | Killed Azrael
 14681 | Orc:1    | Reached skill level 10 in Fighting
 14960 | Orc:2    | Noticed an orc high priest
 15454 | Orc:1    | Reached *** piety under Makhleb
 15485 | Orc:1    | Reached skill level 13 in Long Blades
 15548 | Orc:2    | Noticed Erolcha
 15562 | Orc:1    | Killed Erolcha
 15779 | Orc:2    | Noticed an orc high priest
 15789 | Orc:1    | Killed an orc high priest
 15821 | Orc:2    | Noticed an orc warlord
 15821 | Orc:2    | Noticed an orc high priest
 15822 | Orc:2    | Noticed an orc warlord
 16230 | Orc:1    | Killed an orc warlord
 16357 | Orc:1    | Killed an orc warlord
 16507 | Orc:1    | Killed an orc high priest
 16561 | Orc:2    | Killed an orc high priest
 16562 | Orc:2    | Found a roughly hewn altar of Beogh.
 16647 | Orc:2    | Noticed an orc high priest
 16649 | Orc:2    | Noticed an orc high priest
 16654 | Orc:2    | Noticed an orc high priest
 16655 | Orc:2    | Found Cennumon's Jewellery Shop.
 16663 | Orc:2    | Killed an orc high priest
 16798 | Orc:2    | Paralysed by an orc sorcerer for 5 turns
 16996 | Orc:2    | Reached XP level 13. HP: 104/116 MP: 17/17
 17016 | Orc:2    | Reached **** piety under Makhleb
 17030 | Orc:2    | Found Vaudaq's General Store.
 17042 | Orc:2    | Bought a potion of curing for 30 gold pieces
 17042 | Orc:2    | Bought a scroll of identify for 20 gold pieces
 17109 | Orc:2    | Found Arhod's Antique Weapon Shoppe.
 17112 | Orc:2    | Found a staircase to the Elven Halls.
 17454 | Orc:2    | Found Tym Xae's Antique Armour Emporium.
 18214 | Lair:3   | Reached skill level 14 in Long Blades
 18953 | Lair:4   | You fall through a shaft for 2 floors!
 18953 | Lair:6   | Entered Level 6 of the Lair of Beasts
 18979 | Lair:6   | Noticed a dire elephant
 18979 | Lair:6   | Noticed a dire elephant
 19016 | Lair:6   | Slain by a komodo dragon

Vault maps used:
D:1:      minmay_arrival_split_and_join, hangedman_decor_diamond_cutter,
          nemelex_diamond_rough_becter
D:2:      zin_treasury, nicolae_overflow_crystal_walls, minmay_lizard_king,
          uniq_jessica
D:3:      kb_forest_paths, lemuel_crystal_altar, gammafunk_ghost_cemetery,
          first_ration
D:4:      lemuel_doored_altar, minmay_misc_feat_roman
D:5:      serial_shops, shop_fountains
D:6:      minmay_temple_entry_trees
D:7:      marbit_many_paths, serial_shops, shop, the_bakery, feat_on_display
D:8:      serial_ice, serial_ice_k, serial_ice_a, serial_ice_d, serial_ice_o,
          serial_ice_g, interstate_on_off
D:9:      kennysheep_little_box, orc_0_dummy, serial_shops, nicolae_shop_trees,
          enter_bailey_8
D:10:     lair_entry_dummy, hive_lemuel
Temple:   kb_temple_of_zot
Lair:2:   swamp_mist_pool
Lair:3:   minmay_snake_entry_six_corridors, uniq_gastronok
Lair:4:   grunt_megastairs_3, infiniplex_staircase_pool_2
Lair:6:   due_jungle_book, minmay_lindwurm_lava, uniq_nessos
Orc:1:    basic_altar
Orc:2:    grunt_orc_gardens, grunt_orc_garden, grunt_orc_garden,
          grunt_orc_garden, grunt_orc_garden, basic_altar, uniq_erolcha,
          uniq_azrael
Bailey:   bailey_polearm_1, bailey

Skill      XL: |  1  2  3  4  5  6  7  8  9 10 11 12 13 |
---------------+----------------------------------------+-----
Armour         | 4 5 6 7 9 10 11 12 | 12.3
Shields        | 4 5 6 8 9 10 12 | 12.6
Fighting       | 4 5 6 8 9 11 | 11.9
Axes           | 3 4 5 6 |  6.5
Dodging        | 1 2 3 |  3.0
Long Blades    | 4 7 10 11 12 13 14 | 14.2
Invocations    | 3 5 7 8 |  8.0
Stealth        | |  0.8

Action                   |  1- 3 |  4- 6 |  7- 9 | 10-12 | 13-15 || total
-------------------------+-------+-------+-------+-------+-------++-------
Melee: War axe           |   107 |   115 |       |       |       ||   222
       Headbutt          |     6 |    20 |    63 |   203 |    76 ||   368
       Scimitar          |       |    14 |   313 |   810 |   282 ||  1419
 Abil: Evoke Berserk Rag |       |       |       |     4 |     2 ||     6
Evoke: Wand              |       |       |       |     1 |       ||     1
  Use: Scroll            |       |       |       |    24 |     2 ||    26
  Eat: Chunk             |     1 |     6 |    13 |    33 |     7 ||    60
       Ration            |       |       |       |     1 |       ||     1
Armor: Scale mail        |    54 |    37 |       |    19 |       ||   110
       Chain mail        |       |    19 |   125 |       |       ||   144
       Plate armour      |       |       |    57 |   359 |   128 ||   544
Dodge: Dodged            |    31 |    31 |    62 |   212 |    70 ||   406
Block: Shield            |    70 |    67 |   176 |   570 |   163 ||  1046
       Rpst.: Scimitar   |       |       |    19 |    55 |    18 ||    92

Table legend:
 A = Spawn XP
 B = Non-spawn XP
 C = Spawn XP percentage of total XP
 D = Spawn monster count
 E = Non-spawn monster count
 F = Spawn count percentage of total count
 G = Total turns spent on level
                    A         B        C        D         E        F      G
               +---------+---------+-------+---------+---------+-------+---------
         Total |       0 |   51171 |   0.0 |       0 |     475 |   0.0 | 19016
               +---------+---------+-------+---------+---------+-------+---------
           D:1 |       0 |      45 |   0.0 |       0 |      24 |   0.0 |   792
           D:2 |       0 |     101 |   0.0 |       0 |      24 |   0.0 |   821
           D:3 |       0 |     530 |   0.0 |       0 |      31 |   0.0 |  1712
           D:4 |       0 |     847 |   0.0 |       0 |      23 |   0.0 |   904
           D:5 |       0 |     671 |   0.0 |       0 |      29 |   0.0 |   548
           D:6 |       0 |     763 |   0.0 |       0 |      19 |   0.0 |   749
           D:7 |       0 |    1127 |   0.0 |       0 |      29 |   0.0 |  1086
           D:8 |       0 |    1960 |   0.0 |       0 |      32 |   0.0 |   847
           D:9 |       0 |    3109 |   0.0 |       0 |      41 |   0.0 |  2255
          D:10 |       0 |    3387 |   0.0 |       0 |      43 |   0.0 |  1631
        Lair:1 |       0 |    1012 |   0.0 |       0 |       8 |   0.0 |   461
        Lair:2 |       0 |     501 |   0.0 |       0 |       3 |   0.0 |   934
        Lair:3 |       0 |    8968 |   0.0 |       0 |      38 |   0.0 |  1061
        Lair:4 |       0 |    3026 |   0.0 |       0 |      11 |   0.0 |   302
        Lair:6 |       0 |    1381 |   0.0 |       0 |       2 |   0.0 |    63
         Orc:1 |       0 |   14355 |   0.0 |       0 |      63 |   0.0 |  2267
         Orc:2 |       0 |    8669 |   0.0 |       0 |      38 |   0.0 |  1185
        Bailey |       0 |     719 |   0.0 |       0 |      17 |   0.0 |  1278
               +---------+---------+-------+---------+---------+-------+---------
